 Dungeon Crawl Stone Soup version 0.24.0-37-gcf1ca852f1 (webtiles) character file.

Game seed: 10056104318972316228, levelgen mode: deterministic

459 grindst0ne the Digger (level 6, -5/51 HPs)
             Began as a Demigod Earth Elementalist on Dec 6, 2019.
             Slain by an ice beast (14 damage)
             ... on level 5 of the Dungeon.
             The game lasted 00:08:43 (2725 turns).

grindst0ne the Digger (Demigod Earth Elementalist)  Turns: 2725, Time: 00:08:43

Health: -5/51      AC:  4    Str: 11    XL:     6   Next: 48%
Magic:  2/14       EV: 12    Int: 23    God:
Gold:   138        SH:  0    Dex: 16    Spells: 6/12 levels left

rFire    . . .     SeeInvis .   g - +0 dagger
rCold    . . .     Gourm    .   (no shield)
rNeg     . . .     Faith    .   c - +0 robe
rPois    .         Spirit   .   (no helmet)
rElec    .         Reflect  .   s - +0 cloak (curse)
rCorr    .         Harm     .   (no gloves)
MR       .....                  q - +0 pair of boots
Stlth    ++........             p - amulet of the acrobat
HPRegen  0.17/turn              (no ring)
MPRegen  0.14/turn              (no ring)

@: about to teleport, very slightly contaminated, invisible
A: high mp 1
a: no special abilities


You were on level 5 of the Dungeon.
You were not hungry.

You visited 1 branch of the dungeon, and saw 5 of its levels.

You collected 138 gold pieces.

Inventory:

Hand Weapons
 g - a +0 dagger (weapon)
Missiles
 e - 23 poisoned darts (quivered)
 m - a throwing net
Armour
 c - a +0 robe (worn)
 q - a +0 pair of boots (worn)
 s - a cursed +0 cloak (worn)
Magical Staves
 t - an uncursed staff of summoning
Jewellery
 p - an amulet of the acrobat (around neck)
Scrolls
 f - 4 scrolls of teleportation
 h - a scroll of immolation {unknown}
 i - a scroll of remove curse
 j - a scroll of fear {unknown}
 o - a scroll of enchant weapon {unknown}
 r - 2 scrolls of magic mapping
Potions
 l - a potion of magic {unknown}
 n - a potion of mutation
 u - a potion of lignification {unknown}
Comestibles
 a - 9 chunks of flesh
 d - 11 rations


   Skills:
 + Level 3.4 Fighting
 - Level 1.7 Dodging
 - Level 1.7 Stealth
 + Level 3.8 Spellcasting
   Level 0.8 Transmutations
 + Level 4.6 Earth Magic


You had 6 spell levels left.
You knew the following spells:

 Your Spells              Type           Power        Failure   Level  Hunger
a - Sandblast             Erth           ####..       1%          1    None
b - Lee's Rapid Deconstr  Erth           ####......   41%         5    ######.

Your spell library contained the following spells:

 Spells                   Type           Power        Failure   Level  Hunger
 Passwall                 Tmut/Erth      ###.....     5%          2    #......
 Stone Arrow              Conj/Erth      ##....       12%         3    ###....
 Petrify                  Tmut/Erth      ###.....     34%         4    ####...


Dungeon Overview and Level Annotations

Branches:
Dungeon (6/15)
 Temple: D:4-7

Shops:
D:5 }

Annotations:
D:6 exclusion: upstairs


Innate Abilities, Weirdness & Mutations

You have an increased reservoir of magic. (+10% MP)


Message History

Items here: ))) †† a +0 flail; a +0 short sword; a +0 flail; an orc corpse x2
You aren't carrying any items that you can evoke.
You fade into invisibility!
The ice beast hits you but does no damage.
You are very lightly contaminated with residual magic.
You completely miss the ice beast.
The ice beast is almost dead.
The ice beast hits you but does no damage.
A dart slug comes into view.
You barely miss the ice beast.
The ice beast is almost dead.
The ice beast hits you. The ice beast freezes you!
* * * LOW HITPOINT WARNING * * *
Okay, then.
As you read the scroll of teleportation, it crumbles to dust.
You feel strangely unstable. The ice beast hits you.
* * * LOW HITPOINT WARNING * * *
The ice beast freezes you!
You die...

.... ......##### .....
..........## .....
......##...# ......
.....###..########
......######.............#
....w.....................
#.........#.........#
#..).......##.......#
#.....#@##.##..#.......#
#.....#Y##.###.##.......
#.......##.# ..........
#...$.#.##.# ####......
#.....#..... #....>.
####.##.##.. #...... #.
#.# .. #..#... # #.#
##÷.#... ..# #.....#.


You could see an ice beast and a dart slug (wandering).

Vanquished Creatures
  A bullfrog (D:6)
  A scorpion (D:6)
  2 bullfrog skeletons
  An orc priest (D:6)
  A centaur skeleton (D:6)
  A hound skeleton (D:6)
  3 gnolls (D:3)
  A howler monkey skeleton (D:5)
  6 adders
  A shadow imp (D:6)
  An ooze (D:1)
  4 worms
  A dart slug (D:2)
  3 leopard geckos
  13 orcs
  A ball python (D:3)
  11 bats
  2 giant cockroaches
  8 goblins
  10 hobgoblins
  4 jackals (D:5)
  2 quokkas
  6 frilled lizards
  7 kobolds
  9 rats
100 creatures vanquished.

Notes
Turn   | Place    | Note
-------+----------+-------------------------------------------
     0 | D:1      | grindst0ne the Demigod Earth Elementalist began the quest
                  | for the Orb.
     0 | D:1      | Reached XP level 1. HP: 14/14 MP: 5/5
    98 | D:1      | Reached XP level 2. HP: 22/22 MP: 2/7
   154 | D:1      | Reached skill level 3 in Earth Magic
   159 | D:1      | Reached skill level 1 in Fighting
   482 | D:1      | Reached XP level 3. HP: 28/28 MP: 7/9
  1251 | D:2      | Found a white marble altar of Elyvilon.
  1268 | D:2      | Reached XP level 4. HP: 36/36 MP: 8/10
  1465 | D:2      | Found a shimmering blue altar of Sif Muna.
  2048 | D:3      | Found a shadowy altar of Dithmenos.
  2089 | D:3      | Reached XP level 5. HP: 42/42 MP: 6/12
  2150 | D:3      | You fall into a shaft and drop 3 floors!
  2165 | D:6      | Reached skill level 4 in Earth Magic
  2321 | D:6      | Learned a level 5 spell: Lee's Rapid Deconstruction
  2366 | D:6      | Reached XP level 6. HP: 36/51 MP: 4/14
  2453 | D:5      | Entered Level 5 of the Dungeon
  2453 | D:5      | Found Fobap's Gadget Shop.
  2725 | D:5      | Slain by an ice beast

Levels and vault maps discovered:
D:1:      mushboom_english_gardens, layout_loops_ring
D:2:      layout_basic, nicolae_overflow_hidden_temple, elyvilon_altar_3
D:3:      layout_basic, grunt_dithmenos_smoke_and_mirrors
D:5:      minmay_octagon_keep, layout_rooms, lemuel_crystal_altar, serial_shops,
          nicolae_shop_temple_entry_statues_fountains, minmay_checkerbox,
          uniq_crazy_yiuf_cottage
D:6:      layout_cave_pods, minmay_misc_feat_five

Skill      XL: |  1  2  3  4  5 |
---------------+----------------+-----
Spellcasting   | 2 3 |  3.8
Earth Magic    | 3 4 |  4.6
Fighting       | 1 2 3 |  3.4
Dodging        | |  1.7
Stealth        | |  1.7
Transmutations | |  0.8

Action                   |  1- 3 |  4- 6 || total
-------------------------+-------+-------++-------
Melee: Unarmed           |     4 |       ||     4
       Dagger            |     1 |    18 ||    19
 Cast: Sandblast         |    57 |   112 ||   169
  Use: Scroll            |       |     7 ||     7
       Potion            |       |     1 ||     1
 Stab: Sleeping          |     1 |       ||     1
  Eat: Chunk             |     1 |     5 ||     6
Armor: Robe              |     2 |    29 ||    31
Dodge: Dodged            |    11 |    65 ||    76
